 Dungeon Crawl Stone Soup version 0.26.1-10-gdfb7c7de75 (webtiles) character file.

Game seed: 4542725458074410033

123 phalm the Insei (level 5, 0/34 HPs)
             Began as an Octopode Transmuter on Apr 2, 2021.
             Was an Initiate of Cheibriados.
             Slain by an orc
             ... wielding a +0 club
              (1 damage)
             ... on level 3 of the Dungeon.
             The game lasted 00:08:07 (4223 turns).

phalm the Insei (Octopode Transmuter)               Turns: 4223, Time: 00:08:07

Health: 0/34       AC:  1    Str:  6    XL:     5   Next: 7%
Magic:  7/8        EV: 14    Int: 16    God:    Cheibriados [......]
Gold:   103        SH:  0    Dex: 15    Spells: 5/9 levels left

rFire    . . .     SeeInvis .     - Unarmed
rCold    . . .     Faith    .   (no shield)
rNeg     . . .     Spirit   .   (helmet currently unavailable)
rPois    .         Reflect  .   (no amulet)
rElec    .         Harm     .   f - -4 ring of strength (curse)
rCorr    .         Rampage  .   (no ring)
Will     .....                  (no ring)
Stlth    +++.......             (no ring)
HPRegen  0.11/turn              (no ring)
MPRegen  0.11/turn              (no ring)
                                (no ring)
                                (no ring)

@: appendages, very slow
A: almost no armour, stealthy swim, amphibious, 8 rings, constrict 8, tentacle
spike 3, camouflage 1, gelatinous body 1
a: End Transformation, Renounce Religion, Bend Time


You were on level 3 of the Dungeon.
You worshipped Cheibriados.
Cheibriados was noncommittal.
One of your tentacles had a temporary spike.
You visited 1 branch of the dungeon, and saw 3 of its levels.

You collected 103 gold pieces.

Inventory:

Armour
 k - a +1 hat of see invisible (melded)
Jewellery
 f - a cursed -4 ring of strength (left tentacle)
Scrolls
 a - 2 scrolls of amnesia
 c - a scroll of identify {unknown}
 j - 3 scrolls of teleportation {unknown}
 l - a scroll of magic mapping {unknown}
Potions
 b - a potion of lignification {unknown}
 d - a potion of attraction {unknown}
 e - a potion of degeneration {unknown}
 g - a potion of heal wounds {unknown}
 h - a potion of might {unknown}
 i - 2 potions of curing {unknown}
 m - 2 potions of brilliance {unknown}


   Skills:
 + Level 2.0 Fighting
 + Level 2.4 Dodging
 + Level 1.4 Stealth
 + Level 3.6 Unarmed Combat
 + Level 2.5 Spellcasting
 * Level 2.8 Transmutations
 * Level 1.2 Poison Magic
 + Level 0.2 Invocations


You had 5 spell levels left.
You knew the following spells:

 Your Spells              Type           Power        Failure   Level
a - Beastly Appendage     Tmut           22%          6%          1
b - Spider Form           Tmut/Pois      4%           26%         3

Your spell library contained the following spells:

 Spells                   Type           Power        Failure   Level
 Wereblood                Tmut           11%          9%          2
 Ice Form                 Ice/Tmut       6%           73%         4
 Blade Hands              Tmut           5%           86%         5


Dungeon Overview and Level Annotations

Branches:
Dungeon (3/15)

Altars:
Cheibriados
Dithmenos
Makhleb
Qazlal
Xom
The Shining One


Innate Abilities, Weirdness & Mutations

You cannot wear most types of armour.
You are very stealthy in the water. (Stealth+)
You are amphibious.
You can wear up to eight rings at the same time.
You can use your tentacles to constrict eight enemies at once.
Your skin changes colour to match your surroundings (Stealth+).
Your rubbery body absorbs attacks. (AC +1, EV +1)
One of your tentacles bears a large vicious spike.


Message History

Your +1 hat of see invisible melds into your body.
You feel less perceptive.
The orc priest shouts!
The orc shouts!
The orc priest shouts!
You hear a shout! x2
An orc wizard comes into view. It is wielding a +0 dagger.
The orc barely misses you.
The orc priest calls down the wrath of Beogh upon you.
Beogh smites you!
The orc wizard shouts!
You tentacle-slap the orc. Your grab misses the orc.
Your tentacle spike misses the orc.
Your squeeze misses the orc.
The orc is lightly wounded.
An orc comes into view.
The orc priest mumbles some strange prayers to Beogh against you.
Beogh smites you!
* * * LOW HITPOINT WARNING * * *
The orc priest calls down the wrath of Beogh upon you.
Pain shoots through your body!
* * * LOW HITPOINT WARNING * * *
The orc hits you with a +0 club.
You die...

### ##.......##
#.#.#)#.#.#
##.........#.
#.#.#.#.#.#..#
##............#
#.#.#.#.#.#.#.#
#...............
#.#.#.#.#.#.#.#..
#.....@.........
#.#.#o#.#.#.#..
##.... ......##
#.#(# #o#.#.# #
.. oo..## ..# #o#
# ... .. .### ..#


You could see 2 orc priests, an orc wizard and 2 orcs.

Vanquished Creatures
  An orc priest (D:3)
  2 adders (D:2)
  An ooze (D:2)
  A worm (D:2)
  4 dart slugs (D:1)
  A leopard gecko (D:1)
  4 orcs (D:2)
  A giant cockroach (D:1)
  9 hobgoblins
  5 kobolds
  2 quokkas (D:2)
  2 ball pythons
  7 bats
  5 frilled lizards
  10 goblins
  2 rats
57 creatures vanquished.

Vanquished Creatures (others)
  6 plants (D:1)
6 creatures vanquished.

Grand Total: 63 creatures vanquished

Notes
Turn   | Place    | Note
-------+----------+-------------------------------------------
     0 | D:1      | phalm the Octopode Transmuter began the quest for the Orb.
     0 | D:1      | Reached XP level 1. HP: 13/13 MP: 3/3
    85 | D:1      | Reached XP level 2. HP: 10/18 MP: 3/5
   828 | D:1      | Reached XP level 3. HP: 23/23 MP: 6/6
  2414 | D:2      | Learned a level 3 spell: Spider Form
  2569 | D:2      | Reached skill level 1 in Stealth
  2569 | D:2      | Reached XP level 4. HP: 13/28 MP: 5/7
  3588 | D:2      | Found a shadowy altar of Dithmenos.
  3604 | D:2      | Found a snail-covered altar of Cheibriados.
  3604 | D:2      | Found a burning altar of Makhleb.
  3622 | D:2      | Became a worshipper of Cheibriados the Contemplative
  3625 | D:2      | Found a stormy altar of Qazlal.
  3630 | D:2      | Found a glowing golden altar of the Shining One.
  3729 | D:2      | Found a shimmering altar of Xom.
  3949 | D:3      | Reached skill level 1 in Poison Magic
  3949 | D:3      | Reached XP level 5. HP: 5/34 MP: 6/8
  4223 | D:3      | HP: 1/34 [orc priest/nerve-wracking pain (8)]
  4223 | D:3      | Slain by an orc

Illustrated notes

Levels and vault maps discovered:
D:1:      elethiomel_arrival_infinity_welcomes_careful_drivers, layout_rooms,
          serial_forest, infiniplex_forest_3_way, infiniplex_forest_lined_ring,
          infiniplex_forest_clump_large, infiniplex_forest_clump_small,
          infiniplex_forest_lined_3_way, infiniplex_forest_lined_room_3,
          infiniplex_forest_straight_3, chequers_garden
D:2:      layout_loops_ring, minmay_overflow_temple_star_hex, xom_butterflies
D:3:      minmay_bubble_buster, layout_loops_ring, old_standard_altar,
          hex_medium

Skill      XL: |  1  2  3  4 |
---------------+-------------+-----
Stealth        | 1 |  1.4
Fighting       | 2 |  2.0
Poison Magic   | 1 |  1.2
Dodging        | |  2.4
Unarmed Combat | |  3.6
Spellcasting   | |  2.5
Transmutations | |  2.8
Invocations    | |  0.2

Action                   |  1- 3 |  4- 6 || total
-------------------------+-------+-------++-------
Melee: Unarmed           |    50 |    52 ||   102
       Constrict         |    30 |    12 ||    42
       Tentacles         |    24 |     4 ||    28
       Punch             |     4 |     1 ||     5
       Dagger            |    62 |       ||    62
       Kick              |    13 |     5 ||    18
 Cast: Beastly Appendage |     8 |     8 ||    16
  Use: Scroll            |     2 |       ||     2
 Stab: Sleeping          |     4 |     2 ||     6
Armor: Skin              |    10 |     4 ||    14
Dodge: Dodged            |    77 |    43 ||   120
